ORI
UNIVERSITY OF ALABAMA CRIMSON TIDE @ UNIVERSITY OF CONNETICUT HUSKIES
11/12/2045
 
TOP OF THE 1ST
Richmond Flying Squirrels batting - Pitching for Rancho Cucamonga Quakes : RHP Yasuoka Takahashi
Pitching: RHP Yasuoka Takahashi
Batting: LHB Jason Franks 0-0: Ball
1-0: Ball
2-0: Foul Ball, location: 2F
2-1: Ball
3-1: Base on Balls
Batting: RHB Jesus Portalatin 0-0: Called Strike
0-1: Foul Ball, location: 2F
0-2: Ball
Wild Pitch!
Jason Franks to second
1-2: Ground out 1-3 (Groundball, 34S, EV 67.5 MPH)
Jason Franks to third
Batting: LHB Mario Maria 0-0: DOUBLE (Line Drive, 3D, EV 96.3 MPH)
Jason Franks scores
Batting: RHB Mike Senter 0-0: Ball
1-0: Ball
2-0: 2-RUN HOME RUN (Flyball, 7D, EV 92.5 MPH), Distance : 415 ft
Batting: RHB Pablo Langenberg 0-0: Ball
1-0: Ground out 4-3 (Groundball, 4M, EV 104.4 MPH)
Batting: RHB Waki Matsui 0-0: SINGLE (Groundball, 6D, EV 105.6 MPH)
Batting: LHB Chris Whitsitt 0-0: Swinging Strike
0-1: Ball
1-1: Ball
2-1: Swinging Strike
2-2: Strikes out swinging
Top of the 1st over - 3 runs, 3 hits, 0 errors, 1 left on base; Richmond 3 - Rancho Cucamonga 0
BOTTOM OF THE 1ST
Rancho Cucamonga Quakes batting - Pitching for Richmond Flying Squirrels : RHP Edwin Gomez
Pitching: RHP Edwin Gomez
Batting: RHB Omar Resendez 0-0: Called Strike
0-1: Swinging Strike
0-2: Foul Ball, location: 2F
0-2: Ball
1-2: Foul Ball, location: 2F
1-2: Ball
2-2: Ball
3-2: Base on Balls
Batting: RHB Mario Mejia 0-0: Ball
1-0: Ball
Omar Resendez steals 2nd base (no throw)
2-0: Called Strike
2-1: Foul Ball, location: 2F
2-2: Ball
3-2: Fly out, F8 (Line Drive, 8LD, EV 101.3 MPH)
Batting: RHB Christopher Gallino 0-0: Ball
1-0: Foul Ball, location: 2F
1-1: Swinging Strike
1-2: Ball
2-2: Ball
3-2: 2-RUN HOME RUN (Flyball, 7D, EV 94.4 MPH), Distance : 412 ft
Batting: LHB Tim Dakin 0-0: Fly out, F8 (Flyball, 8RM, EV 84.4 MPH)
Batting: LHB William Cano 0-0: Called Strike
0-1: Foul Ball, location: 2F
0-2: Ground out 2-3 (Groundball, 2L, EV 67.5 MPH)
Bottom of the 1st over - 2 runs, 1 hit, 0 errors, 0 left on base; Richmond 3 - Rancho Cucamonga 2
TOP OF THE 2ND
Richmond Flying Squirrels batting - Pitching for Rancho Cucamonga Quakes : RHP Yasuoka Takahashi
Pitching: RHP Ben Redwine
Batting: RHB Danny Rivera 0-0: Called Strike
0-1: Called Strike
0-2: Strikes out swinging
Batting: RHB Edwin Gomez 0-0: Ground out 4-3 (Groundball, 4, EV 78.8 MPH)
Batting: LHB Jason Franks 0-0: Ball
1-0: Foul Ball, location: 2F
1-1: DOUBLE (Line Drive, 5D, EV 104.4 MPH)
Batting: RHB Jesus Portalatin 0-0: Ball
Wild Pitch!
Jason Franks to third
1-0: SINGLE (Line Drive, 4M, EV 94.4 MPH)
Jason Franks scores
Batting: LHB Mario Maria 0-0: Ball
1-0: Foul Ball, location: 2F
1-1: Ground out 3-1 (Groundball, 34S, EV 83.1 MPH)
Top of the 2nd over - 1 run, 2 hits, 0 errors, 1 left on base; Richmond 4 - Rancho Cucamonga 2
BOTTOM OF THE 2ND
Rancho Cucamonga Quakes batting - Pitching for Richmond Flying Squirrels : RHP Edwin Gomez
Batting: RHB Ian Enge 0-0: Called Strike
0-1: Ground out 5-3 (Groundball, 56, EV 100.0 MPH)
Batting: RHB Marty Roldan 0-0: Fly out, F6 (Popup, P, EV 85.0 MPH)
Batting: LHB Cesar Gutierrez 0-0: Called Strike
0-1: Ball
1-1: DOUBLE (Line Drive, 89XD, EV 106.9 MPH)
Batting: RHB Ben Redwine 0-0: Ground out 6-3 (Groundball, 6, EV 83.1 MPH)
Bottom of the 2nd over - 0 runs, 1 hit, 0 errors, 1 left on base; Richmond 4 - Rancho Cucamonga 2
TOP OF THE 3RD
Richmond Flying Squirrels batting - Pitching for Rancho Cucamonga Quakes : RHP Ben Redwine
Batting: RHB Mike Senter 0-0: Swinging Strike
0-1: Called Strike
0-2: Ball
1-2: Ball
2-2: Strikes out swinging
Batting: RHB Pablo Langenberg 0-0: Ball
1-0: Ball
2-0: Fly out, F9 (Flyball, 9S, EV 95.0 MPH)
Pitching: RHP Ludo Argo
Batting: RHB Waki Matsui 0-0: Called Strike
0-1: Called Strike
0-2: Strikes out swinging, 2-3 out at first.
Top of the 3rd over - 0 runs, 0 hits, 0 errors, 0 left on base; Richmond 4 - Rancho Cucamonga 2
BOTTOM OF THE 3RD
Rancho Cucamonga Quakes batting - Pitching for Richmond Flying Squirrels : RHP Edwin Gomez
Batting: RHB Omar Resendez 0-0: Called Strike
0-1: Ball
1-1: Swinging Strike
1-2: Ground out 4-3 (Groundball, 4M, EV 106.3 MPH)
Batting: RHB Mario Mejia 0-0: Called Strike
0-1: Ball
1-1: Ball
2-1: Fly out, F9 (Flyball, 9S, EV 81.9 MPH)
Batting: RHB Christopher Gallino 0-0: Ball
1-0: Foul Ball, location: 2F
1-1: Foul Ball, location: 2F
1-2: Fly out, F9 (Flyball, 9, EV 91.3 MPH)
Bottom of the 3rd over - 0 runs, 0 hits, 0 errors, 0 left on base; Richmond 4 - Rancho Cucamonga 2
TOP OF THE 4TH
Richmond Flying Squirrels batting - Pitching for Rancho Cucamonga Quakes : RHP Ludo Argo
Batting: LHB Chris Whitsitt 0-0: Foul Ball, location: 2F
0-1: Ball
1-1: Swinging Strike
1-2: Strikes out swinging
Batting: RHB Danny Rivera 0-0: Ball
1-0: SINGLE (Flyball, 4D, EV 90.6 MPH)
Batting: RHB Edwin Gomez 0-0: Sac Bunt to 25 - play at first, batter OUT! 5-4
Danny Rivera to second
Batting: LHB Jason Franks 0-0: Called Strike
0-1: Ball
1-1: Foul Ball, location: 2F
1-2: Ball
2-2: Ball
3-2: Foul Ball, location: 2F
3-2: Base on Balls
Batting: RHB Jesus Portalatin 0-0: Ball
1-0: Ball
2-0: Ball
3-0: Called Strike
3-1: Base on Balls
Danny Rivera to third
Jason Franks to second
Pitching: RHP Jalen Merriweather
Batting: LHB Mario Maria 0-0: Ball
1-0: Swinging Strike
1-1: Foul Ball, location: 2F
1-2: Strikes out swinging
Top of the 4th over - 0 runs, 1 hit, 0 errors, 3 left on base; Richmond 4 - Rancho Cucamonga 2
BOTTOM OF THE 4TH
Rancho Cucamonga Quakes batting - Pitching for Richmond Flying Squirrels : RHP Edwin Gomez
Batting: LHB Tim Dakin 0-0: Ball
1-0: Ball
2-0: Foul Ball, location: 2F
2-1: Ground out U3 (Groundball, 13, EV 86.3 MPH)
Batting: LHB William Cano 0-0: Ball
1-0: Ball
2-0: TRIPLE (Flyball, 89XD, EV 101.9 MPH)
Batting: RHB Ian Enge 0-0: Called Strike
0-1: Ball
1-1: Ball
2-1: SINGLE (Flyball, 78S, EV 91.3 MPH)
William Cano scores
Batting: RHB Marty Roldan 0-0: Ball
1-0: Called Strike
1-1: Ball
2-1: Grounds into double play, 5-4-3 (Groundball, 56S, EV 85.6 MPH)
Bottom of the 4th over - 1 run, 2 hits, 0 errors, 0 left on base; Richmond 4 - Rancho Cucamonga 3
TOP OF THE 5TH
Richmond Flying Squirrels batting - Pitching for Rancho Cucamonga Quakes : RHP Jalen Merriweather
Batting: RHB Mike Senter 0-0: Ground out 5-3 (Groundball, 56S, EV 84.4 MPH)
Batting: RHB Pablo Langenberg 0-0: Ball
1-0: SOLO HOME RUN (Flyball, 78XD, EV 103.1 MPH), Distance : 445 ft
Batting: RHB Waki Matsui 0-0: Ball
1-0: Ball
2-0: SINGLE (Line Drive, 9LS, EV 91.9 MPH)
Batting: LHB Chris Whitsitt 0-0: Ball
1-0: Called Strike
1-1: Fly out, F8 (Flyball, 8LM, EV 88.1 MPH)
Batting: RHB Danny Rivera 0-0: Fielders Choice at 2nd, 5-4 (Groundball, 56, EV 91.9 MPH)
Top of the 5th over - 1 run, 2 hits, 0 errors, 1 left on base; Richmond 5 - Rancho Cucamonga 3
BOTTOM OF THE 5TH
Rancho Cucamonga Quakes batting - Pitching for Richmond Flying Squirrels : RHP Edwin Gomez
Batting: LHB Cesar Gutierrez 0-0: Called Strike
0-1: Ball
1-1: Ground out 1-3 (Groundball, 13, EV 70.0 MPH)
Batting: RHB Jalen Merriweather 0-0: Swinging Strike
0-1: Called Strike
0-2: Ball
1-2: Ball
2-2: Fly out, F9 (Flyball, 9, EV 84.4 MPH)
Batting: RHB Omar Resendez 0-0: Called Strike
0-1: Ball
1-1: Ball
2-1: Called Strike
2-2: Foul Ball, location: 2F
2-2: Ball
3-2: Foul Ball, location: 2F
3-2: Foul Ball, location: 2F
3-2: Fly out, F8 (Flyball, 8LD, EV 100.0 MPH)
Bottom of the 5th over - 0 runs, 0 hits, 0 errors, 0 left on base; Richmond 5 - Rancho Cucamonga 3
TOP OF THE 6TH
Richmond Flying Squirrels batting - Pitching for Rancho Cucamonga Quakes : RHP Jalen Merriweather
Pinch Hitting: SHB Cesar Jimenez 0-0: Foul Ball, location: 2F
0-1: Swinging Strike
0-2: Hit by Pitch
Batting: LHB Jason Franks 0-0: Ball
1-0: Ball
2-0: Called Strike
2-1: Foul Ball, location: 2F
2-2: Grounds into double play, 6-4-3 (Groundball, 6M, EV 103.1 MPH)
Pitching: RHP Malcolm Johnson
Batting: RHB Jesus Portalatin 0-0: Swinging Strike
0-1: SINGLE (Line Drive, 9S, EV 101.9 MPH)
Batting: LHB Mario Maria 0-0: Ball
1-0: Fly out, F9 (Flyball, 9S, EV 75.0 MPH)
Top of the 6th over - 0 runs, 1 hit, 0 errors, 1 left on base; Richmond 5 - Rancho Cucamonga 3
BOTTOM OF THE 6TH
Rancho Cucamonga Quakes batting - Pitching for Richmond Flying Squirrels : RHP Edwin Gomez
Pitching: RHP Chris Murphy
Batting: RHB Mario Mejia 0-0: Ball
1-0: Called Strike
1-1: Foul Ball, location: 2F
1-2: Strikes out swinging
Batting: RHB Christopher Gallino 0-0: Ball
1-0: Called Strike
1-1: Ground out 6-3 (Groundball, 6, EV 105.0 MPH)
Batting: LHB Tim Dakin 0-0: Ball
1-0: Ball
2-0: Foul Ball, location: 2F
2-1: Foul Ball, location: 2F
2-2: Ball
3-2: Strikes out swinging
Bottom of the 6th over - 0 runs, 0 hits, 0 errors, 0 left on base; Richmond 5 - Rancho Cucamonga 3
TOP OF THE 7TH
Richmond Flying Squirrels batting - Pitching for Rancho Cucamonga Quakes : RHP Malcolm Johnson
Batting: RHB Mike Senter 0-0: Swinging Strike
0-1: Foul Ball, location: 2F
0-2: Strikes out swinging
Batting: RHB Pablo Langenberg 0-0: Called Strike
0-1: Ball
1-1: Fly out, F8 (Flyball, 8LD, EV 83.1 MPH)
Batting: RHB Waki Matsui 0-0: Ball
1-0: Ball
2-0: Ball
3-0: Base on Balls
Batting: LHB Chris Whitsitt 0-0: Foul Ball, location: 2F
0-1: Ball
1-1: Foul Ball, location: 2F
1-2: SINGLE (Groundball, 34D, EV 96.9 MPH)
Waki Matsui to second
Runner from 2nd tries for 3rd, SAFE, no throw by RF
Pitching: RHP Jay Foley
Batting: RHB Danny Rivera 0-0: Foul Ball, location: 2F
0-1: Fielders Choice at 2nd, 5-4 (Groundball, 5, EV 111.9 MPH)
Top of the 7th over - 0 runs, 1 hit, 0 errors, 2 left on base; Richmond 5 - Rancho Cucamonga 3
BOTTOM OF THE 7TH
Rancho Cucamonga Quakes batting - Pitching for Richmond Flying Squirrels : RHP Chris Murphy
Batting: LHB William Cano 0-0: Called Strike
0-1: Foul Ball, location: 2F
0-2: Ball
1-2: Strikes out looking
Batting: RHB Ian Enge 0-0: Called Strike
0-1: Ball
1-1: Ball
2-1: Ground out 4-3 (Groundball, 13, EV 87.5 MPH)
Batting: RHB Marty Roldan 0-0: Called Strike
0-1: Ball
1-1: Called Strike
1-2: Fly out, F9 (Line Drive, 9, EV 95.0 MPH)
Bottom of the 7th over - 0 runs, 0 hits, 0 errors, 0 left on base; Richmond 5 - Rancho Cucamonga 3
TOP OF THE 8TH
Richmond Flying Squirrels batting - Pitching for Rancho Cucamonga Quakes : RHP Jay Foley
Pinch Hitting: RHB Daniel Rivas 0-0: Ball
1-0: Called Strike
1-1: Ball
2-1: Called Strike
2-2: Strikes out looking
Batting: LHB Jason Franks 0-0: Ball
1-0: Foul Ball, location: 2F
1-1: Foul Ball, location: 2F
1-2: SINGLE (Line Drive, 6D, EV 103.1 MPH)
Batting: RHB Jesus Portalatin 0-0: Ball
1-0: Foul Ball, location: 2F
1-1: Ball
2-1: DOUBLE (Flyball, 89D, EV 104.4 MPH)
Jason Franks to third
Runner from 3rd tries for Home, SAFE, throw by RF to trailing runner, SAFE at third!
Batting: LHB Mario Maria 0-0: DOUBLE (Line Drive, 89XD, EV 104.4 MPH)
Jesus Portalatin scores
Batting: RHB Mike Senter 0-0: Ball
1-0: Called Strike
1-1: Ball
2-1: Fly out, F4 (Popup, 23, EV 78.8 MPH)
Pitching: LHP Cesar Vargas
Batting: RHB Pablo Langenberg 0-0: Ball
1-0: Ground out 6-3 (Groundball, 6, EV 85.0 MPH)
Top of the 8th over - 2 runs, 3 hits, 0 errors, 1 left on base; Richmond 7 - Rancho Cucamonga 3
BOTTOM OF THE 8TH
Rancho Cucamonga Quakes batting - Pitching for Richmond Flying Squirrels : RHP Chris Murphy
Pitching: RHP Joe Rasch
Batting: LHB Cesar Gutierrez 0-0: Fly out, F5 (Popup, 56S, EV 68.1 MPH)
Batting: LHB Cesar Vargas 0-0: Called Strike
0-1: Ground out U3 (Groundball, 3, EV 90.6 MPH)
Batting: RHB Omar Resendez 0-0: Ground out 5-3 (Groundball, 56S, EV 88.1 MPH)
Bottom of the 8th over - 0 runs, 0 hits, 0 errors, 0 left on base; Richmond 7 - Rancho Cucamonga 3
TOP OF THE 9TH
Richmond Flying Squirrels batting - Pitching for Rancho Cucamonga Quakes : LHP Cesar Vargas
Batting: RHB Waki Matsui 0-0: Ball
1-0: Ball
2-0: Fly out, F9 (Flyball, 9LD, EV 94.4 MPH)
Batting: LHB Chris Whitsitt 0-0: Ball
1-0: Ball
2-0: TRIPLE (Flyball, 89XD, EV 100.6 MPH)
Batting: RHB Danny Rivera 0-0: Reaches on Catchers interference
Pinch Hitting: RHB Jake Schmiege 0-0: Ball
1-0: Called Strike
1-1: Swinging Strike
1-2: Ball
2-2: Ball
3-2: SINGLE (Flyball, 9LS, EV 96.9 MPH)
Chris Whitsitt scores
Danny Rivera to second
Runner from 2nd tries for 3rd, OUT! 9-5
Batting: LHB Jason Franks 0-0: Ball
Jake Schmiege steals 2nd base
1-0: Ball
2-0: Called Strike
2-1: Ball
3-1: Base on Balls
Batting: RHB Jesus Portalatin 0-0: Ball
1-0: Called Strike
1-1: Called Strike
1-2: SINGLE (Groundball, 4S, EV 72.5 MPH) (infield hit)
Jake Schmiege to third
Jason Franks to second
Batting: LHB Mario Maria 0-0: Ball
1-0: Ball
2-0: Called Strike
2-1: Called Strike
2-2: Foul Ball, location: 2F
2-2: Fly out, F8 (Flyball, 8LM, EV 83.1 MPH)
Top of the 9th over - 1 run, 3 hits, 1 error, 3 left on base; Richmond 8 - Rancho Cucamonga 3
BOTTOM OF THE 9TH
Rancho Cucamonga Quakes batting - Pitching for Richmond Flying Squirrels : RHP Joe Rasch
Pitching: RHP Ryan Ozbun
Batting: RHB Mario Mejia 0-0: Ball
1-0: SOLO HOME RUN (Flyball, 7D, EV 100.6 MPH), Distance : 406 ft
Batting: RHB Christopher Gallino 0-0: Called Strike
0-1: Ball
1-1: Ground out 5-3 (Groundball, 56S, EV 65.6 MPH)
Batting: LHB Tim Dakin 0-0: Ball
1-0: Called Strike
1-1: Called Strike
1-2: Fly out, F7 (Flyball, 7D, EV 91.9 MPH)
Batting: LHB William Cano 0-0: Ball
1-0: Ball
2-0: Ball
3-0: Base on Balls
Batting: RHB Ian Enge 0-0: Called Strike
0-1: Ball
1-1: Ball
2-1: Ball
3-1: Base on Balls
William Cano to second
Pitching: LHP Jace Brennan
Batting: RHB Marty Roldan 0-0: Ball
1-0: Called Strike
1-1: Ball
2-1: Foul Ball, location: 2F
2-2: Strikes out looking
Bottom of the 9th over - 1 run, 1 hit, 0 errors, 2 left on base; Richmond 8 - Rancho Cucamonga 4
Wednesday, June 22nd , 2022 - OOTP Baseball 23.4 Build 64